 Dungeon Crawl Stone Soup version 0.19.5 (webtiles) character file.

1540 Jerry the Carver (level 8, -4/71 HPs)
             Began as a Minotaur Fighter on Apr 3, 2017.
             Was a Follower of Dithmenos.
             Slain by Prince Ribbit (6 damage)
             ... on level 5 of the Dungeon.
             The game lasted 00:13:23 (5607 turns).

Jerry the Carver (Minotaur Fighter)                 Turns: 5607, Time: 00:13:23

Health: -4/71      AC:  7    Str: 21    XL:     8   Next: 56%
Magic:  10/10      EV: 10    Int:  6    God:    Dithmenos [*.....]
Gold:   270        SH:  0    Dex: 11    Spells: 0 memorised, 7 levels left

rFire  . . .     SeeInvis .     a - +0 long sword
rCold  + . .     Gourm    .     x - +0 ring mail {rC+}
rNeg   . . .     Faith    .     (no shield)
rPois  .         Spirit   .     (helmet restricted)
rElec  .         Reflect  .     (no cloak)
rCorr  .         Harm     .     (no gloves)
MR     +....                    z - +0 pair of boots
Stlth  +.........               (no amulet)
                                (no ring)
                                n - ring of protection from magic

@: wreathed by umbra, drained
A: retaliatory headbutt, horns 2, blink
a: Blink, Renounce Religion


You were on level 5 of the Dungeon.
You worshipped Dithmenos.
Dithmenos was aware of your devotion.
You were not hungry.

You visited 1 branch of the dungeon, and saw 5 of its levels.

You collected 270 gold pieces.

Inventory:

Hand Weapons
 a - a +0 long sword (weapon)
Missiles
 v - a throwing net (quivered)
Armour
 b - a +0 scale mail
 x - a +0 ring mail of cold resistance (worn)
 z - a +0 pair of boots (worn)
Jewellery
 n - a ring of protection from magic (left hand)
Wands
 t - a wand of paralysis (14/24)
Scrolls
 e - 3 scrolls of remove curse
 i - 3 scrolls of teleportation {unknown}
 k - 2 scrolls of enchant weapon {unknown}
 m - 2 scrolls of amnesia
 q - a scroll of blinking {unknown}
 r - 2 scrolls of identify
 y - a scroll of immolation {unknown}
Potions
 g - 5 potions of heal wounds {unknown}
 h - a potion of lignification
 l - a potion of berserk rage {unknown}
 o - a potion of mutation {unknown}
 p - 3 potions of curing {unknown}
 s - a potion of cure mutation {unknown}
 A - a potion of degeneration
Comestibles
 c - 2 meat rations
 d - 3 chunks of flesh
 f - 5 bread rations
 j - a slice of pizza
 w - a fruit


   Skills:
 + Level 6.8(6.7) Fighting
 * Level 8.6(8.5) Long Blades
 + Level 7.0(6.9) Armour
   Level 3.6(3.5) Shields
 + Level 4.1(4.0) Invocations


You had 7 spell levels left.
You didn't know any spells.

Dungeon Overview and Level Annotations

Branches:
Dungeon (5/15)
 Temple: D:4-7

Altars:
Ashenzari
Dithmenos

Annotations:
D:5 Prince Ribbit


Innate Abilities, Weirdness & Mutations

You reflexively headbutt those who attack you in melee.
You have a pair of horns on your head.
You can translocate small distances at will.


Message History

* * * LOW HITPOINT WARNING * * *
Prince Ribbit misses you. You furiously retaliate!
You headbutt Prince Ribbit.
You riposte.
You closely miss Prince Ribbit. Your headbutt misses Prince Ribbit.
Prince Ribbit is almost dead.
You hit Prince Ribbit. Your headbutt misses Prince Ribbit.
Prince Ribbit is almost dead.
Prince Ribbit hits you but does no damage.
You miss Prince Ribbit.
Prince Ribbit is almost dead.
Prince Ribbit mumbles some strange words.
Prince Ribbit looks slightly unstable.
You closely miss Prince Ribbit.
Prince Ribbit is almost dead.
Prince Ribbit hits you!
* * * LOW HITPOINT WARNING * * *
You completely miss Prince Ribbit. Your headbutt misses Prince Ribbit.
Prince Ribbit is almost dead.
Prince Ribbit hits you.
You die...

.....#.........#....#...#.....#
.....#.........#....#...#.....#
.....'.........#....#...'.....#
.....#.........#...##'###.....#
.....#.........#...##...#.....#
##...#.........#........#.....#
.#####.........###'##...#.....#
.# #..............#...#.....#
.# +..........@...#...#.....#
.# ..........F...#...#.....# .#
...........#...#.....# .#
...........#####.....# .#
+###+###............ .#
#............ .# +............
## #............ #............


You could see Prince Ribbit.

Vanquished Creatures
  The ghost of Asagix the Skirmisher, a novice MiBe of Trog (D:5)
  Sigmund (D:5)
  Edmund (D:5)
  A sky beast (D:5)
  3 ogres
  Blork the orc (D:5)
  A scorpion (D:4)
  A howler monkey (D:4)
  A crimson imp (D:4)
  2 bullfrog skeletons
  3 iguanas
  2 worker ants
  A hound zombie (D:5)
  9 gnolls
  3 adders
  A white imp (D:4)
  An ooze (D:4)
  An adder zombie (D:5)
  An adder skeleton (D:4)
  2 worms
  2 dart slugs
  9 leopard geckos
  6 orcs
  3 ball pythons
  5 giant cockroaches
  5 goblins
  6 hobgoblins
  4 jackals (D:2)
  A quokka (D:4)
  6 bats
  9 frilled lizards
  3 kobolds
  12 rats
108 creatures vanquished.

Notes
Turn   | Place    | Note
-------+----------+-------------------------------------------
     0 | D:1      | Jerry the Minotaur Fighter began the quest for the Orb.
     0 | D:1      | Reached XP level 1. HP: 19/19 MP: 0/0
   218 | D:1      | Reached skill level 3 in Long Blades
   248 | D:1      | Reached XP level 2. HP: 24/26 MP: 1/1
   649 | D:1      | Reached XP level 3. HP: 21/33 MP: 2/2
  1062 | D:2      | Found a shadowy altar of Dithmenos.
  1082 | D:2      | Became a worshipper of Dithmenos the Shadowed
  1862 | D:3      | Reached skill level 4 in Long Blades
  1862 | D:3      | Reached XP level 4. HP: 31/40 MP: 3/3
  1873 | D:3      | Reached skill level 1 in Invocations
  1954 | D:3      | Found a shattered altar of Ashenzari.
  2037 | D:3      | Reached * piety under Dithmenos
  2559 | D:3      | Reached XP level 5. HP: 37/47 MP: 4/4
  2768 | D:4      | Noticed an ogre
  2781 | D:4      | Killed an ogre
  2781 | D:4      | Reached skill level 5 in Long Blades
  2781 | D:4      | Reached skill level 5 in Armour
  3448 | D:4      | Reached XP level 6. HP: 52/55 MP: 6/6
  4034 | D:4      | Reached skill level 5 in Fighting
  4169 | D:4      | Reached skill level 6 in Long Blades
  4173 | D:4      | Reached XP level 7. HP: 30/61 MP: 7/7
  4729 | D:5      | Entered Level 5 of the Dungeon
  4989 | D:5      | Noticed Asagix's ghost (novice MiBe)
  5007 | D:5      | Killed Asagix's ghost
  5007 | D:5      | Reached skill level 7 in Long Blades
  5007 | D:5      | Reached XP level 8. HP: 34/70 MP: 9/9
  5224 | D:5      | Gained mutation: You are surrounded by a mild repulsion field. (EV +2) [mutagenic meat]
  5225 | D:5      | Lost mutation: You are surrounded by a mild repulsion field. (EV +2) [mutagenic meat]
  5226 | D:5      | Gained mutation: You can translocate small distances at will. [mutagenic meat]
  5307 | D:5      | Noticed Sigmund
  5324 | D:5      | Killed Sigmund
  5324 | D:5      | Reached skill level 8 in Long Blades
  5396 | D:5      | Noticed Edmund
  5442 | D:5      | Killed Edmund
  5487 | D:5      | Noticed Blork the orc
  5501 | D:5      | Killed Blork the orc
  5583 | D:5      | Noticed Prince Ribbit
  5606 | D:5      | HP: 2/71 [Prince Ribbit (15)]
  5607 | D:5      | Slain by Prince Ribbit

Skill      XL: |  1  2  3  4  5  6  7  8 |
---------------+-------------------------+-----
Long Blades    | 3 4 5 6 7 8 |  8.6
Fighting       | 4 5 6 |  6.8
Armour         | 4 5 6 7 |  7.0
Invocations    | 1 2 3 4 |  4.1
Shields        | |  3.6

Action                   |  1- 3 |  4- 6 |  7- 9 || total
-------------------------+-------+-------+-------++-------
Melee: Long sword        |    79 |   115 |   112 ||   306
       Headbutt          |    13 |    23 |    18 ||    54
Evoke: Wand              |       |       |     2 ||     2
  Use: Scroll            |       |     1 |     4 ||     5
       Potion            |       |       |     3 ||     3
  Eat: Chunk             |     3 |     7 |     8 ||    18
Armor: Scale mail        |    47 |    25 |       ||    72
       Ring mail         |       |    12 |    20 ||    32
       Skin              |       |       |    35 ||    35
Dodge: Dodged            |    43 |    69 |    45 ||   157
Block: Shield            |     4 |       |       ||     4
       Rpst.: Long sword |    13 |    22 |    15 ||    50
